 Dungeon Crawl Stone Soup version 0.32-a0-473-gd044c6f0f0 (webtiles) character file.

Game seed: 1653506774332768165

4848 Pooter the Cleaver (level 10, -8/79 HPs)
             Began as a Demonspawn Berserker on Feb 25, 2024.
             Was an Elder of Trog.
             Mangled by a yak (13 damage)
             ... on level 7 of the Dungeon.
             The game lasted 00:34:34 (6426 turns).

Pooter the Cleaver (Demonspawn Berserker)           Turns: 6426, Time: 00:34:35

Health: -8/79      AC: 19    Str: 22    XL:     10   Next: 25%
Magic:  10/10      EV:  6    Int:  8    God:    Trog [****..]
Gold:   492        SH:  5    Dex: 12    Spells: 9/9 levels left

rFire   . . .        a - +1 broad axe
rCold   . . .        (no shield)
rNeg    . . .        B - +0 plate armour
rPois   .            (helmet restricted)
rElec   .            d - +0 cloak
rCorr   .            t - +0 pair of gloves
SInv    .            k - +2 pair of boots {Stlth+}
Will    .....        C - amulet of reflection Stlth
                     (no ring)
HPRegen 0.33/turn    (no ring)
MPRegen 0.12/turn

%: reflection
@: on berserk cooldown, slowed, very slow
A: antennae 1, thin metallic scales 2
a: Renounce Religion, Berserk, Trog's Hand, Brothers in Arms


You were on level 7 of the Dungeon.
You worshipped Trog.
Trog was greatly pleased with you.
You visited 1 branch of the dungeon, and saw 8 of its levels.

You collected 581 gold pieces.
You spent 89 gold pieces at shops.

Inventory:

Hand Weapons
 a - a +1 broad axe (weapon)
   (You found it on level 1 of the Dungeon)
 b - a +0 orcbow
   (You took it off a centaur on level 7 of the Dungeon)
Missiles
 c - 9 poisoned darts
 h - 12 javelins (quivered)
 y - a throwing net {!f}
 D - 2 boomerangs
 Q - 59 stones
Armour
 d - a +0 cloak (worn)
   (You found it on level 1 of the Dungeon)
 k - a +2 pair of boots of stealth (worn)
   (You found it on level 1 of the Dungeon)
 t - a +0 pair of gloves (worn)
   (You found it on level 1 of the Dungeon)
 u - a +0 buckler
   (You found it on level 5 of the Dungeon)
 B - a +0 plate armour (worn)
   (You took it off an orc warrior on level 7 of the Dungeon)
Jewellery
 q - an amulet of regeneration
   (You found it on level 3 of the Dungeon)
 x - a +6 ring of intelligence
   (You found it on level 5 of the Dungeon)
 C - an amulet of reflection (around neck)
   (You found it on level 8 of the Dungeon)
 E - a ring of magical power
   (You found it on level 8 of the Dungeon)
 I - a ring of protection from cold
   (You took it off an orc on level 6 of the Dungeon)
Wands
 f - a wand of flame (10)
   (You took it off Eustachio on level 4 of the Dungeon)
Scrolls
 g - a scroll of immolation {!r}
 i - a scroll of brand weapon {unknown}
 l - a scroll of fear
 n - a scroll of revelation {unknown}
 o - 3 scrolls of fog
 p - a scroll of amnesia {unknown}
 r - a scroll of vulnerability {!r}
 A - 2 scrolls of poison {unknown}
Potions
 e - 5 potions of curing {@q1}
 j - 3 potions of haste {@q3}
 m - a potion of cancellation {unknown}
 s - 2 potions of heal wounds {unknown}
 v - a potion of degeneration {unknown}
 z - a potion of enlightenment {unknown}


   Skills:
 + Level 7.3 Fighting
 * Level 9.2 Axes
 * Level 7.1 Ranged Weapons
 - Level 4.1 Throwing
 - Level 1.7 Armour
 - Level 1.7 Dodging
 - Level 2.9 Stealth


You had 9 spell levels left.
You didn't know any spells.
Your spell library was empty.

Dungeon Overview and Level Annotations

Branches:
Dungeon (8/15) Zot: 26387  Temple (0/1) D:5
   Lair: D:8-11

Altars:
Ashenzari
Dithmenos
Hepliaklqana
Makhleb
Nemelex Xobeh
Sif Muna
Uskayaw
Beogh

Shops:
D:2 *

Annotations:
D:5 1 runed translucent door, Crazy Yiuf
D:7 2 transporters, Persephone's ghost, novice MDFi


Innate Abilities, Weirdness & Mutations

You have a pair of small antennae on your head.
You are mostly covered in thin metallic scales. (AC +3)


Message History

You hit the yak. You slash the yak!
You kill the yak!
Trog accepts your kill.
You hit the yak. You barely miss the yak.
You hear a shout!
The yak gores you. The yak gores you! The yak barely misses you.
Your Ranged Weapons skill increases to level 7!
You barely miss the yak. You slash the yak! You closely miss the yak.
You slash the yak! You slice the yak!!
You kill the yak!
Trog accepts your kill.
You hit the yak. You completely miss the yak. You slice the yak!!
The yak closely misses you. The yak barely misses you.
The yak gores you but does no damage. You block the yak's attack.
The yak barely misses you. The yak gores you but does no damage.
There is a stone staircase leading up, spattered with blood here.
You feel a strong urge to attack something.
You are no longer berserk.
You are exhausted.
You feel yourself slow down.
You climb upwards.
Level annotation: 2 transporters, Persephone's ghost, novice MDFi
There is a stone staircase leading down here.
You closely miss the yak. You barely miss the yak. You slash the yak!
The yak gores you. x2; The yak gores you but does no damage. x2
The yak gores you! x2
* * * LOW HITPOINT WARNING * * *
You hit the yak. x2; You closely miss the yak.
The yak completely misses you. The yak gores you but does no damage.
The yak gores you!
* * * LOW HITPOINT WARNING * * *
The yak gores you but does no damage. The yak gores you.
* * * LOW HITPOINT WARNING * * *
The yak gores you but does no damage.
You barely miss the yak. x3; The yak gores you but does no damage.
The yak barely misses you. The yak gores you.
* * * LOW HITPOINT WARNING * * *
You block the yak's attack. The yak closely misses you. x2
You barely miss the yak. x2; You hit the yak.
The yak gores you.
* * * LOW HITPOINT WARNING * * *
The yak gores you but does no damage. The yak gores you.
* * * LOW HITPOINT WARNING * * *
You completely miss the yak. You slash the yak! You hit the yak.
The yak gores you but does no damage. The yak gores you!
* * * LOW HITPOINT WARNING * * *
You block the yak's attack. The yak gores you.
* * * LOW HITPOINT WARNING * * *
The yak gores you but does no damage. The yak gores you!
You die...

##.##.######...........#
##.##.# #.##.####..## #.#...#
#.##.# #..## ##.####
#.##.####...# #.#
#......###..# ###.###
#......###..# #.....#
#.....^.....#
###.....########.....###..###
#...รท......Y@Y...............
#.#.....##.#Y###.###.###.....
#.#.....##.#.####.#.####....#
#.###.####..#.####..........#
#.##.......###).....###.#....
#.##......#.#.#####.# #....##
#.##...###.#.## #.# ###..#
#.###### ###.# #.#####..#
#.##########.### #........#


You could see 3 yaks.

Vanquished Creatures
  Grinder (D:4)
  9 yaks
  Eustachio (D:4)
  3 steam dragons
  Menkaure (D:7)
  An orc warrior (D:7)
  A sky beast (D:7)
  3 black bears
  An ice beast (D:5)
  An ogre (D:6)
  A centaur (D:7)
  A phantom (D:6)
  Blork the orc (D:5)
  5 bullfrogs
  3 scorpions
  4 wights (D:6)
  4 killer bees (D:7)
  2 bombardier beetles (D:4)
  2 gnoll boudas
  4 hounds
  A jelly (D:7)
  3 orc priests
  A sleepcap (D:6)
  8 orc wizards
  3 iguanas
  8 gnolls
  9 adders
  2 shadow imps (D:7)
  4 white imps
  3 ribbon worms
  3 dart slugs
  31 orcs
  9 endoplasms
  5 giant cockroaches
  8 hobgoblins
  4 quokkas
  7 ball pythons
  5 bats
  7 frilled lizards
  8 goblins
  8 kobolds
  2 rats
188 creatures vanquished.

Notes
Turn   | Place    | Note
-------+----------+-------------------------------------------
     0 | D:1      | Pooter the Demonspawn Berserker began the quest for the
                  | Orb.
     0 | D:1      | Reached XP level 1. HP: 18/18 MP: 1/1
   137 | D:1      | Reached skill level 3 in Axes
   159 | D:1      | Gained mutation: You have a pair of small antennae on your
                  | head. [demonic ancestry]
   159 | D:1      | Reached XP level 2. HP: 17/24 MP: 2/2
   677 | D:2      | Reached XP level 3. HP: 29/29 MP: 3/3
   701 | D:2      | Reached ** piety under Trog
   798 | D:2      | Found a shadowy altar of Dithmenos.
   810 | D:2      | Found Deinkach's Assorted Antiques.
   824 | D:2      | Reached skill level 1 in Throwing
   865 | D:2      | Bought a scroll labelled LUMOTOPSOOTH for 23 gold pieces
   865 | D:2      | Bought a fuming pink potion for 20 gold pieces
   865 | D:2      | Bought a scroll labelled HISOIL OBRA for 23 gold pieces
   865 | D:2      | Bought a scroll labelled MYUDUCE IPTEPH for 23 gold pieces
   992 | D:2      | Gained mutation: You are partially covered in thin metallic
                  | scales. (AC +2) [demonic ancestry]
   992 | D:2      | Reached XP level 4. HP: 34/35 MP: 4/4
  1763 | D:3      | Reached skill level 1 in Stealth
  2020 | D:4      | Reached skill level 4 in Axes
  2020 | D:4      | Reached XP level 5. HP: 42/42 MP: 5/5
  2103 | D:4      | Found a hazy altar of Hepliaklqana.
  2111 | D:4      | Reached *** piety under Trog
  2256 | D:4      | Noticed Grinder
  2281 | D:4      | Killed Grinder
  2282 | D:4      | Gained mutation: You are mostly covered in thin metallic
                  | scales. (AC +3) [demonic ancestry]
  2282 | D:4      | Reached XP level 6. HP: 45/48 MP: 6/6
  2440 | D:4      | Reached skill level 5 in Axes
  2440 | D:4      | Reached XP level 7. HP: 50/54 MP: 7/7
  2506 | D:4      | Noticed Eustachio
  2518 | D:4      | Killed Eustachio
  2676 | D:5      | Entered Level 5 of the Dungeon
  2739 | D:5      | Found a staircase to the Ecumenical Temple.
  2868 | D:4      | Reached skill level 1 in Ranged Weapons
  3127 | D:5      | Noticed Blork the orc
  3134 | D:5      | Killed Blork the orc
  3135 | D:5      | Reached skill level 6 in Axes
  3135 | D:5      | Reached XP level 8. HP: 61/61 MP: 8/8
  3363 | D:5      | Reached skill level 5 in Fighting
  3535 | D:5      | Found a runed translucent door.
  3536 | D:5      | Noticed Crazy Yiuf
  3654 | D:6      | Found a hide-covered altar of Uskayaw.
  4053 | D:6      | Reached skill level 7 in Axes
  4294 | D:6      | Found a sparkling altar of Nemelex Xobeh.
  4366 | D:6      | Reached XP level 9. HP: 51/69 MP: 9/9
  4459 | D:6      | Found a runed translucent door.
  4668 | D:6      | Found a roughly hewn altar of Beogh.
  4740 | D:7      | Reached skill level 5 in Ranged Weapons
  4748 | D:7      | Reached skill level 8 in Axes
  4784 | D:7      | Reached **** piety under Trog
  5137 | D:7      | Noticed Menkaure
  5140 | D:7      | Killed Menkaure
  5141 | D:7      | Reached XP level 10. HP: 78/79 MP: 10/10
  5153 | D:7      | Found a burning altar of Makhleb.
  5201 | D:7      | Noticed Persephone's ghost (novice MDFi)
  5212 | D:7      | Found a transporter.
  5263 | D:7      | Found a shimmering blue altar of Sif Muna.
  5390 | D:7      | Found a transporter.
  5819 | D:8      | Found a shadowy altar of Dithmenos.
  5999 | D:8      | Reached skill level 9 in Axes
  6186 | D:8      | Found a broken altar of Ashenzari.
  6426 | D:7      | Mangled by a yak

Illustrated notes

Levels and vault maps discovered:
D:1:      wheals_arrival_shading, layout_rooms
D:2:      layout_rooms, basic_altar, serial_shops,
          nicolae_shop_temple_entry_statues_fountains
D:3:      layout_loops_ring, minmay_misc_feat_rugged
D:4:      layout_gridville, mainiacjoe_overflow_big_doors,
          grunt_decor_mini_mirrors, uniq_grinder, uniq_eustachio
D:5:      layout_loops_ring, minmay_temple_entry_junction, uniq_blork_the_orc,
          uniq_crazy_yiuf_cottage
D:6:      layout_loops_ring, kennysheep_mini, nemelex_dance_club_becter,
          lightli_church_of_beogh
D:7:      layout_loops_ring, kennysheep_orc_sif_temple,
          mainiacjoe_overflow_brackets, gammafunk_ghost_arena,
          minmay_misc_feat_iff, st_stairs_4, kennysheep_dice, uniq_menkaure
D:8:      layout_loops_ring, ashenzari_conservatory_becter, lemuel_tele_altar,
          okawaru_metal_pillars_1_2, kennysheep_generic_room_9

Skill      XL: |  1  2  3  4  5  6  7  8  9 10 |
---------------+-------------------------------+-----
Axes           | 3 4 5 6 7 8 9 |  9.2
Throwing       | 1 3 4 |  4.1
Stealth        | 1 2 |  2.9
Fighting       | 4 5 7 |  7.3
Ranged Weapons | 1 4 6 7 |  7.1
Armour         | |  1.7
Dodging        | |  1.7

Action                     |  1- 3 |  4- 6 |  7- 9 | 10-12 || total
---------------------------+-------+-------+-------+-------++-------
  Melee: Hand axe          |    37 |       |       |       ||    37
         Broad axe         |    78 |   105 |   237 |    56 ||   476
   Fire: Sling             |       |       |    18 |       ||    18
         Orcbow            |       |       |    11 |    13 ||    24
  Throw: Stone             |     6 |       |       |       ||     6
         Javelin           |       |     1 |    39 |       ||    40
 Invoke: Berserk           |       |     1 |     7 |     1 ||     9
         Trog's Hand       |       |     1 |     6 |     1 ||     8
    Use: Scroll            |     3 |     2 |     4 |     2 ||    11
   Stab: Sleeping          |     4 |       |       |       ||     4
 Armour: Animal skin       |    72 |       |       |       ||    72
         Chain mail        |       |    90 |   293 |     9 ||   392
         Plate armour      |       |       |       |    76 ||    76
  Dodge: Dodged            |    81 |    46 |   122 |    30 ||   279
  Block: Buckler           |       |       |    36 |       ||    36
         Other             |       |       |       |    10 ||    10

Table legend: (Time is in decaauts)
 A = Elapsed time spent in this place.
 B = Non-inter-level travel time spent in this place.
 C = Inter-level travel time spent in this place.
 D = Time resting spent in this place.
 E = Time spent auto-exploring this place.
 F = Levels seen in this place.
 G = Mean time per level.
                   A        B        C        D        E       F      G
               +--------+--------+--------+--------+--------+-----+--------+
         Total |   6685 |   6548 |    137 |    570 |   4247 |   8 |  835.6 |
       Dungeon |   6685 |   6548 |    137 |    570 |   4247 |   8 |  835.6 |
               +--------+--------+--------+--------+--------+-----+--------+

Top non-repeatable levels by time:
     D:6: 1164 daAuts
     D:7: 1137 daAuts
     D:5: 989 daAuts
     D:4: 808 daAuts
     D:3: 736 daAuts
     D:1: 667 daAuts
     D:8: 601 daAuts
     D:2: 581 daAuts
